 Dungeon Crawl Stone Soup version 0.31-a0-4-gefa6de2278 (webtiles) character file.

Game seed: 613349596144870048

1581626 freelancePsychic the Slayer (level 27, 213/213 HPs)
             Began as a Djinni Berserker on May 3, 2023.
             Was a High Priest of Trog.
             Escaped with the Orb
             ... and 3 runes!
             The game lasted 02:24:28 (74720 turns).

freelancePsychic the Slayer (Djinni Berserker)     Turns: 74720, Time: 02:24:28

Health: 213/213    AC: 26    Str: 15    XL:     27
Gold:   2288       EV: 38    Int: 19    God:    Trog [*****.] SH: 25 Dex: 37

rFire   + + .        V - +9 double sword (heavy)
rCold   . . .        s - +5 kite shield {rC+}
rNeg    . . .        f - +5 swamp dragon scales of the Thistle {rPois Dex+2 Slay+3}
rPois   ∞            y - +2 helmet {SInv}
rElec   +            r - +2 cloak of Xuota {rElec Int+3}
rCorr   .            M - +2 pair of gloves {hurl}
SInv    +            (boots unavailable)
Will    ++...        P - dreamshard necklace {*Dream Drain}
Stlth   ++           S - +6 ring of dexterity
HPRegen 0.55/turn    U - +6 ring of dexterity
MPRegen 0.00/turn

%: no passive effects
@: flying, studying 2 skills
A: sickness immunity, fire resistance 2, cold vulnerability 1, float, innate
caster, HP casting, extra vitality 1, clever 1, deformed body, deterioration 1
0: Orb of Zot
}: 3/15 runes: serpentine, barnacled, slimy
a: Renounce Religion, Berserk, Trog's Hand, Brothers in Arms


You escaped.
You worshipped Trog.
Trog was extremely pleased with you.
You visited 11 branches of the dungeon, and saw 52 of its levels.
You visited the Abyss 1 time.
You visited 2 bazaars.
You also visited: Ossuary, Bailey, Ice Cave and Volcano.

You collected 7246 gold pieces.
You spent 4958 gold pieces at shops.

Inventory:

Hand Weapons
 V - a +9 heavy double sword (weapon)
Missiles
 g - 6 boomerangs
 q - 3 throwing nets
 E - 20 javelins
 F - 7 atropa-tipped darts
 G - 34 poisoned darts
 T - 6 silver javelins
 Z - 5 silver boomerangs (quivered)
Armour
 f - the +5 swamp dragon scales of the Thistle (worn) {rPois Dex+2 Slay+3}
   (You bought it in a shop on level 5 of the Dungeon)

   Dex:       It affects your dexterity (+2).
   Slay:      It affects your accuracy & damage with ranged weapons and melee
   (+3).
   rPois:     It protects you from poison.
 r - the +2 cloak of Xuota (worn) {rElec Int+3}
   (You bought it in a shop on level 13 of the Dungeon)

   Int:       It affects your intelligence (+3).
   rElec:     It insulates you from electricity.
 s - a +5 kite shield of cold resistance (worn)
 y - a +2 helmet of see invisible (worn)
 M - a +2 pair of gloves of hurling (worn)
Jewellery
 O - the ring "Zaclimur" {rF- Will+ rCorr Str+5 Dex+6}
   (You found it on level 3 of the Elven Halls)

   [ring of dexterity]

   Str:       It affects your strength (+5).
   Dex:       It affects your dexterity (+6).
   rF:        It makes you vulnerable to fire.
   rCorr:     It protects you from acid and corrosion.
   Will:      It increases your willpower.
 P - the dreamshard necklace (around neck) {*Dream Drain}
   (You found it on level 5 of the Pits of Slime)

   [amulet of nothing]

   *Dream:    It shatters if its wearer takes lethal or near-lethal damage,
   preventing the blow and releasing protective dreams that heal and fight for
   the wearer.
   Drain:     It drains your maximum health when unequipped.
 Q - the ring of Irrepressible Laughter {rElec rCorr Str+6}
   (You found it on level 5 of the Pits of Slime)

   [ring of resist corrosion]

   Str:       It affects your strength (+6).
   rElec:     It insulates you from electricity.
   rCorr:     It protects you from acid and corrosion.
 S - a +6 ring of dexterity (left hand)
 U - a +6 ring of dexterity (right hand)
 Y - a ring of protection from fire
Wands
 a - a wand of flame (74)
 k - a wand of polymorph (21)
 B - a wand of charming (49)
 D - a wand of acid (14)
 H - a wand of mindburst (11)
 N - a wand of iceblast (42)
 W - a wand of digging (11)
Scrolls
 d - 2 scrolls of poison
 e - 16 scrolls of teleportation {@r4}
 h - 11 scrolls of vulnerability
 o - 2 scrolls of immolation
 t - 17 scrolls of identify {@r1}
 v - a scroll of blinking
 w - 6 scrolls of brand weapon
 z - 6 scrolls of torment
 C - 3 scrolls of enchant armour
 I - 10 scrolls of fog
Potions
 c - 14 potions of curing {@q1}
 i - 3 potions of berserk rage
 l - a potion of heal wounds {@q2}
 m - 2 potions of attraction
 n - 5 potions of cancellation
 p - 4 potions of ambrosia
 x - 4 potions of mutation
 K - 2 potions of invisibility
 L - 2 potions of might
 R - 6 potions of magic
Miscellaneous
 b - a phial of floods
 j - a lightning rod (4/4)
 u - a box of beasts
 A - a condenser vane (inert)


   Skills:
 + Level 22.5 Fighting
 - Level 19.7 Long Blades
 - Level 16.0 Throwing
 + Level 18.9 Armour
 - Level 22.0 Dodging
 - Level 12.0 Stealth
 - Level 20.0 Shields
 - Level 5.0 Evocations


You knew the following spells:

 Your Spells              Type           Power      Damage    Failure   Level
a - Slow                  Hex            0%         N/A       38%         1
b - Passwall              Tmut/Erth      0%         N/A       54%         2
c - Scorch                Fire           0%         2d5       54%         2
d - Hailstorm             Conj/Ice       0%         3d3       77%         3
e - Sticky Flame          Conj/Fire      0%         2d3       99%         4
f - Freezing Cloud        Conj/Ice/Air   0%         6-21      100%        5
g - Death Channel         Necr           0%         N/A       100%        6
h - Summon Cactus Giant   Summ           0%         N/A       100%        6
i - Starburst             Conj/Fire      0%         6d3       100%        6
j - Discord               Hex            0%         N/A       100%        8
k - Borgnjor's Revivific  Necr           0%         N/A       100%        8
l - Maxwell's Capacitive  Air            0%         ∞         100%        8
m - Dragon's Call         Summ           0%         N/A       100%        9
Your spell library was empty.


Dungeon Overview and Level Annotations

Branches:
Dungeon (15/15)            Temple (1/1) D:5            Lair (5/5) D:8
 Shoals (4/4) Lair:2        Snake (4/4) Lair:2        Slime (5/5) Lair:5
    Orc (2/2) D:9             Elf (3/3) Orc:2        Vaults (4/5) D:14
  Crypt (0/3) Vaults:3     Depths (4/4) D:15            Zot (5/5) Depths:4
Ossuary (visited)          Bailey (visited)           IceCv (visited)
Volcano (visited)

Altars:
Ashenzari
Cheibriados
Dithmenos
Elyvilon
Fedhas
Gozag
Hepliaklqana
Makhleb
Nemelex Xobeh
Okawaru
Qazlal
Ru
Trog
Uskayaw
Wu Jian
Xom
Yredelemnul
Zin
The Shining One
Jiyva

Shops:
D:1 :   D:2 :   D:5 [   D:8 (   D:13 *((*   Orc:1 ?   Orc:2 ((([[   Elf:3 *
Shoals:2 =   Snake:4 [!   Vaults:1 !   Vaults:2 (!(   Vaults:3 [

Portals:
Hell: Depths:1 Depths:2 Depths:3 Depths:4
Abyss: D:12 Depths:3 Depths:4
Pandemonium: Depths:2 Depths:3
Ziggurat: Depths:1

Annotations:
D:11 exclusion: manticore
D:12 2 transporters, Agofijos's ghost, journeyman OpVM
Lair:5 1 runed translucent door, diodin's ghost, journeyman NaIE
Elf:2 3 runed translucent doors
Vaults:1 2 transporters, Yptir's ghost, adept AtFE


Innate Abilities, Weirdness & Mutations

You are immune to sickness and miasma.
You are immune to poison.
Your flesh is very heat resistant. (rF++)
You are vulnerable to cold. (rC-)
You float through the air rather than walking.
You learn spells naturally, not from books.
Your magical power is your life essence.
You have superior vitality. (+4 MHP)
Your mind is acute. (Int +4, Str/Dex -1)
Armour fits poorly on your strangely shaped body.
Your body sometimes deteriorates upon taking damage.


Message History

There is a stone staircase leading down here.
There is a stone staircase leading up here.
You fly upwards.
There is a stone staircase leading down here.
There is a stone staircase leading up here.
You fly upwards.
There is a stone staircase leading down here.
There is a stone staircase leading up here.
You fly upwards.
There is a stone staircase leading down here.
An ice devil comes into view.
There is a stone staircase leading up here.
You fly upwards.
There is a stone staircase leading down here.
(D) Dungeon (T) Temple (L) Lair (A) Shoals (P) Snake Pit (M) Slime Pits (O) Orcish Mines (E) Elven Halls (V) Vaults (C) Crypt (U) Depths (H) Hell (Z) Zot
Where to? (Enter - D:1 @ (x,y), ? - help)
There is a stone staircase leading up here.
You fly upwards.
There is a stone staircase leading down here.
A demonic crawler comes into view.
The demonic crawler gives a hideous shriek!
Unknown command.
There is a stone staircase leading up here.
You fly upwards.
There is a stone staircase leading down here.
(D) Dungeon (T) Temple (L) Lair (A) Shoals (P) Snake Pit (M) Slime Pits (O) Orcish Mines (E) Elven Halls (V) Vaults (C) Crypt (U) Depths (H) Hell (Z) Zot
Where to? (Enter - D:1 @ (x,y), ? - help)
There is an open door here.
There is an open door here.
You see here a +0 club.
There is an open door here.
There is a staircase leading out of the dungeon here.
Unknown command.
You have escaped!

...........## ##..........#
#.####......## ##......####.#
#..# ##......## ##......## #..#
##.## ##......## ##......## ##.##
.#..## ##......###......## ##..#.
###..## ##......#......## ##..##.
.###..## ##...........## ##..###.
.# ##..## ##.........## ##..## #.
.# ##..#####...@...#####..#####.
.# ##...####.....####...##.....
.# ###...###...###...####.###. .#
####...........###..#.# #. .#
##..######.######.##.#.# #. .##
##..........##..).....#.# #.
..####.........####........#.###.
.....'..:......'.................
.....~...~.....####.......)#.(...


There were no monsters in sight!

Vanquished Creatures
  the Royal Jelly (Slime:5)
  3 dread liches (Zot:5)
  3 orbs of fire
  6 ancient liches (Zot:5)
  3 Killer Klowns (Zot:5)
  Bai Suzhen (Vaults:4)
  10 golden dragons
  A bone dragon (Depths:3)
  4 electric golems
  Jorgrun (D:9)
  An Ice Fiend (IceCv)
  2 deep elf blademasters (Elf:3)
  3 liches
  13 tentacled monstrosities
  25 Orb Guardians (Zot:5)
  9 quicksilver dragons
  2 deep elf master archers (Elf:3)
  A walking frostbound tome (Depths:2)
  16 acid blobs
  5 sphinxes
  A kraken (Shoals:1)
  7 shadow dragons
  An acid blob (shapeshifter) (Depths:3)
  3 death cobs
  13 storm dragons
  A revenant (Abyss:3)
  3 tengu reavers
  14 azure jellies
  5 nagarajas (Snake:4)
  4 draconian monks
  8 rockslimes
  5 deep elf sorcerers
  Ilsuiw (Shoals:4)
  5 fire giants
  6 draconian knights
  An iron dragon (Zot:3)
  11 vault wardens
  4 ghost moths
  10 frost giants
  Aizul (Snake:1)
  3 draconian scorchers (Zot:1)
  5 draconian shifters
  A cacodemon (Snake:2)
  A balrug (Depths:2)
  An angel (Abyss:3)
  3 orc warlords
  20 ironbound preservers
  2 spriggan defenders (Depths:2)
  5 draconian stormcallers
  7 quicksilver oozes
  19 very ugly things
  6 draconian annihilators
  4 deep elf elementalists (Elf:3)
  9 ironbound thunderhulks
  3 vampire knights
  Azrael (D:15)
  12 black draconians
  6 green draconians
  8 yellow draconians
  9 deep elf demonologists
  17 stone giants
  12 red draconians
  6 deep elf annihilators (Elf:3)
  13 dire elephants
  10 purple draconians
  7 spark wasps
  11 white draconians
  A crystal guardian (Vaults:2)
  7 merfolk javelineers
  7 deep elf death magi
  10 ettins
  10 fire dragons
  10 merfolk impalers
  8 great orbs of eyes
  5 deep elf high priests
  5 vault guards
  9 yaktaur captains
  13 ice dragons
  A rakshasa (Depths:2)
  5 hydras
  3 peacekeepers
  3 salamander tyrants
  5 caustic shrike simulacra (IceCv)
  An ogre mage (Vaults:4)
  2 alligator snapping turtles (Shoals:3)
  13 centaur warriors
  7 anacondas
  6 merfolk aquamancers
  4 spriggan air magi (Depths:3)
  A merfolk avatar (Lair:5)
  10 ironbound frosthearts
  6 boulder beetles
  19 dancing weapons
  5 tengu warriors
  11 death yaks (Lair:5)
  A death knight (Vaults:3)
  4 two-headed ogres
  2 catoblepae (Lair:5)
  19 naga warriors
  13 naga sharpshooters
  10 deep troll earth magi
  7 deep troll shamans
  4 orc high priests (Orc:2)
  A sun demon (Volcano)
  4 spriggan berserkers
  A vampire mage (Vaults:3)
  6 shock serpents
  2 thrashing horrors (Abyss:3)
  6 iron trolls
  9 deep elf knights
  3 skysharks
  4 salamander mystics
  8 sea snakes
  A deep troll (shapeshifter) (Depths:2)
  A sixfirhy (Abyss:2)
  2 flayed ghosts
  77 deep trolls
  12 deep elf archers
  A spriggan simulacrum (IceCv)
  7 naga ritualists
  An orb spider (Abyss:2)
  A tengu zombie (Vaults:4)
  8 wizards
  2 bog bodies (IceCv)
  2 shadow dragon zombies
  4 glowing orange brains
  2 obsidian statues (IceCv)
  A phantasmal warrior (Vaults:2)
  6 ironbound convokers
  11 orc knights
  18 harpies
  2 tengu skeletons
  13 lindwurms
  10 mana vipers
  30 deep elf pyromancers
  22 deep elf zephyrmancers
  7 large abominations
  5 necromancers
  6 cyclopes
  2 shining eyes (Slime:5)
  11 orc sorcerers
  9 manticores
  8 fauns
  A moth of wrath (shapeshifter) (Elf:3)
  37 ugly things
  An ice statue (Shoals:3)
  4 guardian serpents
  12 merfolk sirens
  25 salamanders
  21 moths of wrath
  14 elephants
  5 water nymphs
  37 black mambas
  A fire giant skeleton (Vaults:4)
  19 naga magi
  3 molten gargoyles
  3 gargoyles
  14 cane toads
  15 vault sentinels
  A torpor snail (Lair:4)
  A yaktaur zombie (Vaults:4)
  2 unseen horrors
  8 komodo dragons
  A yaktaur (shapeshifter) (Zot:3)
  8 freezing wraiths
  4 rime drakes
  33 yaktaurs
  4 tengu conjurers
  An efreet (D:13)
  An anaconda simulacrum (IceCv)
  3 red devils (Volcano)
  A yaktaur skeleton (Vaults:3)
  3 meliai (D:14)
  2 queen bees (shapeshifter)
  A guardian mummy (Zot:3)
  2 ancient zymes (Abyss:3)
  6 trolls
  A wolf spider simulacrum (D:14)
  40 merfolk
  A hornet (Depths:2)
  2 polar bears
  16 blink frogs
  10 raiju (Abyss:3)
  7 wind drakes
  70 slime creatures
  16 dream sheep
  A raiju (shapeshifter) (D:14)
  Sigmund (D:2)
  A human simulacrum (Vaults:3)
  3 air elementals
  19 water elementals
  A wraith (Abyss:2)
  2 shadows
  12 snapping turtles
  2 spriggans
  3 ynoxinuls
  A human (shapeshifter) (Vaults:3)
  55 yaks
  6 wyverns
  A vampire (D:13)
  2 fire bats (Volcano)
  10 fire elementals
  7 golden eyes
  5 basilisks
  2 neqoxecs
  2 chaos spawn (Depths:4)
  2 steam dragons
  Grum (D:9)
  A minotaur simulacrum (IceCv)
  33 nagas
  A warg (Orc:2)
  2 acid dragons
  A hell hound (Volcano)
  3 hydra simulacra (IceCv)
  5 water moccasins
  A floating eye (Slime:5)
  2 black bears
  25 orc warriors
  A sky beast (D:6)
  3 ettin simulacra (IceCv)
  5 ogres
  9 wolves
  19 centaurs
  3 phantoms
  A kobold brigand (D:9)
  5 elf zombies
  7 bullfrogs
  A gnoll sergeant (D:12)
  7 earth elementals
  4 scorpions
  10 small abominations
  3 wights (D:9)
  2 troll zombies (D:9)
  5 killer bees (D:10)
  6 electric eels
  7 howler monkeys
  8 lava snakes
  3 centaur zombies (Ossuary)
  3 jellies
  13 orc priests
  8 human zombies
  4 hounds
  2 sleepcaps
  An iron imp (Abyss:3)
  A gnoll bouda (Orc:2)
  25 orc wizards
  3 iguanas
  7 hell rats (Lair:3)
  5 ogre zombies (D:9)
  3 mummies (Ossuary)
  Robin (D:2)
  14 gnolls
  9 adders
  A shadow imp (D:7)
  3 ufetubi
  6 dart slugs
  81 orcs
  6 ball pythons
  2 bats (D:1)
  13 endoplasms
  3 giant cockroaches
  10 goblins
  10 hobgoblins
  3 jackals (D:1)
  3 quokkas
  2 frilled lizards
  2 goblin skeletons (D:9)
  2 goblin zombies
  2 hobgoblin skeletons (D:9)
  3 hobgoblin zombies (D:9)
  11 kobolds
  An orc skeleton (D:9)
  15 orc zombies (D:9)
  4 rats
  A rat zombie (D:4)
  A lurking horror (Abyss:3)
  4 tentacles (Shoals:1)
2055 creatures vanquished.

Vanquished Creatures (collateral kills)
  A tentacled monstrosity (Zot:1)
  A shadow dragon (Zot:1)
  2 storm dragons
  Donald (Orc:2)
  A vault warden (Vaults:1)
  A draconian shifter (Zot:1)
  2 ironbound thunderhulks (Vaults:1)
  A hydra (Lair:5)
  A skyshark (Lair:5)
  Amaemon (D:9)
  4 deep trolls
  A naga ritualist (Snake:4)
  A harpy (Lair:5)
  A manticore (Shoals:4)
  A moth of wrath (Zot:1)
  An elephant (Lair:5)
  An orange demon (D:9)
  A black mamba (Lair:5)
  2 cane toads (Lair:5)
  A komodo dragon (Lair:5)
  A merfolk (Shoals:4)
  A snapping turtle (Shoals:4)
  A wraith (D:9)
  A wyvern (Lair:5)
  2 nagas (Snake:4)
  An ice beast (D:5)
  A troll zombie (D:9)
  A gnoll bouda (D:9)
  3 gnolls (D:9)
  A hobgoblin zombie (D:9)
39 creatures vanquished.

Vanquished Creatures (others)
  A draconian knight (Zot:1)
  A ghost moth (Zot:3)
  A reaper (Depths:2)
  2 red draconians (Zot:3)
  A merfolk avatar (Shoals:4)
  A deep elf knight (Elf:1)
  A wizard (D:15)
  3 deep elf zephyrmancers
  A deep elf pyromancer (Elf:2)
  An ugly thing (D:13)
  A water elemental (Elf:2)
  An orc wizard (Orc:2)
  5 orcs
  5 bushes (Lair:5)
  35 fungi
  126 plants
  3 tentacles (Shoals:1)
  A withered plant (D:14)
190 creatures vanquished.

Grand Total: 2284 creatures vanquished

Notes
Turn   | Place    | Note
-------+----------+-------------------------------------------
     0 | D:1      | freelancePsychic the Djinni Berserker began the quest for
                  | the Orb.
     0 | D:1      | Reached XP level 1. HP: 20/20 MP: 0/0
   103 | D:1      | Reached XP level 2. HP: 25/25 MP: 0/0
   261 | D:1      | Reached skill level 1 in Stealth
   619 | D:1      | Reached XP level 3. HP: 30/30 MP: 0/0
   619 | D:1      | Learned a level 1 spell: Slow
   779 | D:1      | Found Kaerodul's Book Shop.
  1391 | D:2      | Found Maoghire's Book Shop.
  1433 | D:2      | Found a faded altar of an unknown god.
  1478 | D:2      | Reached ** piety under Trog
  1659 | D:2      | Noticed Robin
  1723 | D:2      | Killed Robin
  1724 | D:2      | Reached XP level 4. HP: 30/35 MP: 0/0
  1904 | D:2      | Noticed Sigmund
  2101 | D:3      | Reached skill level 1 in Throwing
  2103 | D:3      | Reached XP level 5. HP: 31/40 MP: 0/0
  2103 | D:3      | Learned a level 2 spell: Passwall
  2462 | D:3      | Found a white marble altar of Elyvilon.
  2755 | D:4      | Found a sand-covered staircase.
  2779 | Ossuary  | Entered an ossuary
  2817 | Ossuary  | Reached XP level 6. HP: 40/47 MP: 0/0
  3005 | Ossuary  | Reached skill level 5 in Long Blades
  3011 | Ossuary  | Reached *** piety under Trog
  3012 | Ossuary  | Reached XP level 7. HP: 45/53 MP: 0/0
  3012 | Ossuary  | Learned a level 2 spell: Scorch
  3336 | Ossuary  | Reached skill level 5 in Fighting
  3485 | D:4      | Reached XP level 8. HP: 57/59 MP: 0/0
  4128 | D:5      | Entered Level 5 of the Dungeon
  4428 | D:5      | Reached **** piety under Trog
  5168 | D:5      | Found Haymon's Dragon-Slaying Spoils.
  5261 | D:5      | Found a staircase to the Ecumenical Temple.
  5282 | Temple   | Entered the Ecumenical Temple
  5323 | D:6      | Found an opulent altar of Gozag.
  5609 | D:6      | Reached XP level 9. HP: 66/66 MP: 0/0
  5609 | D:6      | Learned a level 3 spell: Hailstorm
  6153 | D:2      | Killed Sigmund
  6154 | D:2      | Reached skill level 5 in Stealth
  6557 | D:7      | Identified the +1 rapier of the Charming Ancients {holy,
                  | Will+}
  6655 | D:7      | Identified the +6 scale mail "Cinkij" {Fly}
  6666 | D:7      | Found a hide-covered altar of Uskayaw.
  7518 | D:8      | Noticed an elephant
  7536 | D:8      | Reached XP level 10. HP: 75/75 MP: 0/0
  7649 | D:8      | Killed an elephant
  7743 | D:8      | Found Sithun's Weapon Boutique.
  7892 | D:8      | Found a staircase to the Lair.
  8007 | D:8      | Found a sparkling altar of Nemelex Xobeh.
  8124 | D:9      | Noticed Amaemon
  8125 | D:9      | Noticed an orange demon
  8143 | D:9      | Killed Amaemon
  8143 | D:9      | Killed an orange demon
  8144 | D:9      | Reached skill level 5 in Dodging
  8205 | D:9      | Noticed Grum
  8220 | D:9      | Found a flagged portal.
  8231 | Bailey   | Entered a bailey
  9259 | Bailey   | Reached XP level 11. HP: 74/82 MP: 0/0
  9259 | Bailey   | Learned a level 4 spell: Sticky Flame
 10841 | D:9      | Killed Grum
 10966 | D:9      | Found a staircase to the Orcish Mines.
 11239 | D:9      | Reached ***** piety under Trog
 11781 | D:9      | Found a shadowy altar of Dithmenos.
 12105 | Orc:1    | Entered Level 1 of the Orcish Mines
 12107 | Orc:1    | Noticed Jorgrun
 12176 | D:10     | Entered Level 10 of the Dungeon
 12703 | D:10     | Found a broken altar of Ashenzari.
 12895 | D:10     | Reached skill level 10 in Fighting
 12895 | D:10     | Reached skill level 10 in Long Blades
 13994 | D:11     | Reached skill level 5 in Throwing
 14106 | D:11     | Noticed a manticore
 14508 | Lair:1   | Entered Level 1 of the Lair of Beasts
 14574 | Lair:1   | Reached XP level 12. HP: 46/92 MP: 0/0
 15053 | Lair:1   | Received a gift from Trog
 15583 | Lair:2   | Found a staircase to the Snake Pit.
 17257 | Lair:2   | Identified the staff of air "Pomo" {rElec rN+ Will- Int+9}
 17568 | Lair:2   | Reached XP level 13. HP: 91/100 MP: 0/0
 17568 | Lair:2   | Learned a level 5 spell: Freezing Cloud
 17593 | Lair:2   | Found a staircase to the Shoals.
 18222 | Lair:3   | Found a dark tunnel.
 18228 | Volcano  | Entered a volcano
 18317 | Volcano  | Found a bloodstained altar of Trog.
 20225 | Lair:3   | Noticed a five-headed hydra
 20479 | Lair:3   | Killed a five-headed hydra
 20803 | Lair:4   | Reached skill level 1 in Shields
 22258 | Lair:5   | Entered Level 5 of the Lair of Beasts
 22278 | Lair:4   | Reached XP level 14. HP: 106/110 MP: 0/0
 22892 | Lair:4   | Received a gift from Trog
 23638 | Lair:4   | Reached skill level 5 in Shields
 25042 | Lair:5   | Found a viscous altar of Jiyva.
 25042 | Lair:5   | Found a staircase to the Slime Pits.
 25475 | Lair:5   | Reached skill level 15 in Fighting
 25602 | Lair:5   | Noticed diodin's ghost (journeyman NaIE)
 25743 | Lair:5   | Reached XP level 15. HP: 106/120 MP: 0/0
 25743 | Lair:5   | Learned a level 6 spell: Death Channel
 25903 | Lair:5   | Found a runed translucent door.
 26417 | D:12     | Identified the +7 long sword of Checkmate {flame, rN+ Int-2
                  | SInv Stlth+} (Trog gifted it to you on level 12 of the
                  | Dungeon)
 26417 | D:12     | Received a gift from Trog
 26537 | D:12     | Found a transporter.
 26545 | D:12     | Found a one-way gate to the infinite horrors of the Abyss.
 26545 | D:12     | Noticed Agofijos's ghost (journeyman OpVM)
 26781 | D:12     | Found a transporter.
 26819 | D:13     | Reached skill level 10 in Shields
 27008 | D:13     | Found Jokaapt's Weapon Emporium.
 27055 | D:13     | Found Acloa's Weapon Shop.
 27169 | D:13     | Reached skill level 10 in Dodging
 27445 | D:13     | Found Ichujy's Assorted Antiques.
 27451 | D:13     | Bought a distressingly furry cloak for 228 gold pieces
 27451 | D:13     | Identified the +2 cloak of Xuota {rElec Int+3} (You bought
                  | it in a shop on level 13 of the Dungeon)
 27871 | D:13     | Found Nonleg's Assorted Antiques.
 28122 | D:14     | Identified the +0 robe of Opacibui {Harm rPois Slay+3}
 28422 | D:14     | Found a gate to the Vaults.
 28620 | D:14     | You are sucked into a shaft and drop 1 floor!
 28620 | D:15     | Entered Level 15 of the Dungeon
 29169 | D:9      | Received a gift from Trog
 29228 | D:9      | Killed Jorgrun
 29712 | Orc:1    | Found Sauryji's Magic Scroll Emporium.
 29860 | Orc:1    | Bought a scroll of teleportation for 48 gold pieces
 29860 | Orc:1    | Bought a scroll of teleportation for 48 gold pieces
 29869 | Orc:1    | Paralysed by an orc sorcerer for 5 turns
 30022 | Orc:2    | Entered Level 2 of the Orcish Mines
 30088 | Orc:2    | Found a staircase to the Elven Halls.
 30146 | Orc:2    | Found Qeug's Antique Armour Boutique.
 30223 | Orc:2    | Noticed Donald
 30392 | D:5      | Bought the +5 swamp dragon scales of the Thistle {rPois
                  | Dex+2 Slay+3} for 1284 gold pieces
 30601 | Orc:2    | Received a gift from Trog
 30788 | Orc:2    | Paralysed by an orc sorcerer for 3 turns
 31017 | Orc:2    | Killed Donald
 31128 | Orc:2    | Found Daobev's Antique Armour Boutique.
 31138 | Orc:2    | Reached XP level 16. HP: 121/126 MP: 0/0
 31498 | Orc:2    | Found Zejedy's Antique Weapon Boutique.
 31858 | Orc:2    | Found Zaecufau's Weapon Emporium.
 31862 | Orc:2    | Found Xystre's Weapon Emporium.
 32312 | Snake:1  | Entered Level 1 of the Snake Pit
 33032 | Snake:1  | Noticed Aizul
 33059 | Snake:1  | Killed Aizul
 33060 | Snake:1  | Reached skill level 5 in Armour
 33200 | Snake:1  | Received a gift from Trog
 33248 | Snake:1  | Reached ****** piety under Trog
 34907 | Snake:2  | Reached XP level 17. HP: 105/131 MP: 0/0
 34907 | Snake:2  | Learned a level 6 spell: Summon Cactus Giant
 34981 | Snake:2  | Gained mutation: You occasionally lose the ability to drink
                  | potions when taking damage. [a cacodemon]
 35033 | Snake:2  | Lost mutation: You occasionally lose the ability to drink
                  | potions when taking damage. [potion of mutation]
 35033 | Snake:2  | Gained mutation: Your flesh is almost immune to the effects
                  | of heat. (rF+++) [potion of mutation]
 35033 | Snake:2  | Gained mutation: You sometimes lose your temper in combat.
                  | [potion of mutation]
 35033 | Snake:2  | Gained mutation: You have a pair of small antennae on your
                  | head. [potion of mutation]
 35034 | Snake:2  | Lost mutation: You sometimes lose your temper in combat.
                  | [potion of mutation]
 35034 | Snake:2  | Lost mutation: You have a pair of small antennae on your
                  | head. [potion of mutation]
 35034 | Snake:2  | Gained mutation: You occasionally lose the ability to read
                  | scrolls when taking damage. [potion of mutation]
 35034 | Snake:2  | Gained mutation: You are partially covered in iridescent
                  | scales. (AC +2) [potion of mutation]
 35035 | Snake:2  | Lost mutation: You occasionally lose the ability to read
                  | scrolls when taking damage. [potion of mutation]
 35035 | Snake:2  | Lost mutation: You are partially covered in iridescent
                  | scales. (AC +2) [potion of mutation]
 35035 | Snake:2  | Lost mutation: Your flesh is almost immune to the effects
                  | of heat. (rF+++) [potion of mutation]
 35035 | Snake:2  | Gained mutation: You are partially covered in iridescent
                  | scales. (AC +2) [potion of mutation]
 35087 | Snake:3  | Reached skill level 10 in Throwing
 35155 | Snake:3  | Received a gift from Trog
 35847 | Snake:4  | Entered Level 4 of the Snake Pit
 35926 | Snake:4  | Found Ufui's Antique Armour Emporium.
 35947 | Snake:4  | Found Tamoibb's Distillery.
 36235 | Snake:4  | Received a gift from Trog
 37092 | Snake:4  | Reached XP level 18. HP: 139/139 MP: 0/0
 37114 | Snake:4  | Received a gift from Trog
 37654 | Snake:4  | Got a serpentine rune of Zot
 38238 | D:13     | Bought a scroll of enchant weapon for 180 gold pieces
 38298 | D:13     | Bought a scroll of enchant weapon for 247 gold pieces
 38445 | D:14     | Identified the +5 spear "Fyt Zuhu" {flame, rF+ rC+ rN+
                  | Str-4} (Trog gifted it to you on level 14 of the Dungeon)
 38445 | D:14     | Received a gift from Trog
 38939 | D:15     | Reached skill level 15 in Long Blades
 39079 | D:15     | Noticed Azrael
 39100 | D:15     | Killed Azrael
 39201 | D:15     | Found a staircase to the Depths.
 39819 | Shoals:1 | Entered Level 1 of the Shoals
 40345 | Shoals:1 | Reached skill level 1 in Evocations
 40350 | Shoals:1 | Received a gift from Trog
 40364 | Shoals:1 | Identified the +3 mace "Hellblazer" {elec, MP-9 Str+5}
 40466 | Shoals:1 | You are sucked into a shaft and drop 1 floor!
 40466 | Shoals:2 | Found Wopsupp's Jewellery Shoppe.
 40856 | Shoals:1 | Noticed a kraken
 40881 | Shoals:1 | Killed a kraken
 41326 | Shoals:2 | Reached XP level 19. HP: 141/147 MP: 0/0
 41326 | Shoals:2 | Learned a level 6 spell: Starburst
 41901 | Shoals:3 | Reached skill level 10 in Armour
 41921 | Shoals:3 | Found a frozen archway.
 41970 | IceCv    | Entered an ice cave
 42040 | IceCv    | Received a gift from Trog
 42123 | IceCv    | Reached skill level 5 in Evocations
 42326 | IceCv    | Noticed an Ice Fiend
 42334 | IceCv    | Killed an Ice Fiend
 43023 | Shoals:4 | Entered Level 4 of the Shoals
 43023 | Shoals:4 | Noticed Ilsuiw
 43294 | Shoals:3 | Received a gift from Trog
 43352 | Shoals:4 | Killed Ilsuiw
 43388 | Shoals:4 | Found a flickering gateway to a bazaar.
 43399 | Bazaar   | Entered a bazaar
 43399 | Bazaar   | Found Ozigyx's Magic Scroll Shop.
 43527 | Bazaar   | Found Sourph's Antique Armour Emporium.
 43538 | Bazaar   | Found Onustram's Jewellery Boutique.
 43546 | Bazaar   | Found Amaodos's Antique Weapon Boutique.
 43557 | Bazaar   | Found Hurghep's General Store.
 43583 | Bazaar   | Bought a phial of floods for 400 gold pieces
 43583 | Bazaar   | Bought a scroll of teleportation for 30 gold pieces
 43598 | Bazaar   | Bought a scroll of teleportation for 48 gold pieces
 43598 | Bazaar   | Bought a scroll of fog for 64 gold pieces
 43598 | Bazaar   | Bought a scroll of teleportation for 48 gold pieces
 43609 | Bazaar   | Bought a pair of embroidered gloves for 142 gold pieces
 44327 | Shoals:4 | Got a barnacled rune of Zot
 44422 | Shoals:4 | Identified the +3 falchion "Vaaba" {heavy, rElec rC- Will++
                  | Int-4}
 44687 | Shoals:4 | Identified the +5 chain mail of Compression {Drain rElec
                  | rF++ Stlth+}
 45091 | Elf:1    | Entered Level 1 of the Elven Halls
 45102 | Elf:1    | Reached skill level 15 in Shields
 45132 | Elf:1    | Reached XP level 20. HP: 155/155 MP: 0/0
 45227 | Elf:1    | Received a gift from Trog
 45424 | Elf:1    | Paralysed by an air elemental for 1 turns
 45800 | Elf:1    | Reached skill level 15 in Dodging
 46320 | Elf:1    | Received a gift from Trog
 46329 | Elf:2    | Gained mutation: You sometimes lose your temper in combat.
                  | [a cacodemon]
 46701 | Elf:2    | Found a runed translucent gate.
 46701 | Elf:2    | Found a runed translucent gate.
 46702 | Elf:2    | Found a runed translucent gate.
 46792 | Elf:2    | Received a gift from Trog
 47166 | Elf:3    | Entered Level 3 of the Elven Halls
 47182 | Elf:3    | Found a flickering gateway to a bazaar.
 47182 | Elf:3    | Found Baliem's Assorted Antiques.
 47352 | Elf:3    | Reached skill level 10 in Stealth
 47352 | Elf:3    | Noticed a Hell Sentinel
 47366 | Elf:3    | Received a gift from Trog
 47396 | Elf:3    | Reached XP level 21. HP: 51/160 MP: 0/0
 47396 | Elf:3    | Learned a level 8 spell: Discord
 47414 | Elf:3    | Identified the ring "Zetiph" {Drain rCorr Str+6 Slay+2
                  | SInv}
 47480 | Elf:3    | Found the +3 Mad Mage's Maulers {Infuse+∞ VampMP -Cast}
 47528 | Elf:3    | Identified the +5 long sword "Uliariot" {freeze, rElec}
 47595 | Elf:3    | Identified the ring "Zaclimur" {rF- Will+ rCorr Str+5
                  | Dex+6}
 47606 | Elf:3    | Identified the +0 scale mail "Seetesk" {-Tele Fly Stlth+}
 47613 | Elf:3    | Identified the +2 scale mail of Aruot {+Inv Str+3}
 47629 | Elf:3    | Found the +8 longbow "Zephyr" {speed, Dex+3 SInv}
 47637 | Elf:3    | Identified the +0 ring mail of Elitism {+Inv rN+ Regen+
                  | Stlth-}
 47692 | Bazaar   | Entered a bazaar
 47692 | Bazaar   | Found Muifin's Armour Boutique.
 47708 | Bazaar   | Found Ywengybem's Armour Shoppe.
 47724 | Bazaar   | Found Anurar's Assorted Antiques.
 47731 | Bazaar   | Bought a potion of curing for 48 gold pieces
 47733 | Bazaar   | Found Jayn's Armour Shoppe.
 47740 | Bazaar   | Bought a +1 pair of gloves of hurling for 297 gold pieces
 47844 | Elf:3    | Received a gift from Trog
 47904 | Elf:3    | Identified the +5 short sword "Ytatiola" {spect, rCorr
                  | Str+2 Int+5 Stlth-}
 48099 | Elf:3    | Identified the +1 falchion of the Feeding Oracle {speed,
                  | Fly Dex+3}
 48106 | Elf:3    | Identified the +4 quarterstaff of Eternal War {flame, rC+
                  | Str+6}
 48116 | Elf:3    | Identified the staff of earth "Cagirynu" {rN+ Str+5}
 48613 | D:1      | Bought a manual of Shields for 880 gold pieces
 48834 | Slime:1  | Entered Level 1 of the Pits of Slime
 49047 | Lair:5   | Lost mutation: You are partially covered in iridescent
                  | scales. (AC +2) [potion of mutation]
 49047 | Lair:5   | Lost mutation: You sometimes lose your temper in combat.
                  | [potion of mutation]
 49047 | Lair:5   | Gained mutation: You do not regenerate when monsters are
                  | visible. [potion of mutation]
 49047 | Lair:5   | Gained mutation: You are partially covered in iridescent
                  | scales. (AC +2) [potion of mutation]
 49048 | Lair:5   | Lost mutation: You do not regenerate when monsters are
                  | visible. [potion of mutation]
 49048 | Lair:5   | Lost mutation: You are partially covered in iridescent
                  | scales. (AC +2) [potion of mutation]
 49048 | Lair:5   | Gained mutation: You are dopey. (Int -2) [potion of
                  | mutation]
 49048 | Lair:5   | Gained mutation: You occasionally lose the ability to read
                  | scrolls when taking damage. [potion of mutation]
 49048 | Lair:5   | Gained mutation: A frigid envelope surrounds you and
                  | freezes all who hurt you. [potion of mutation]
 49049 | Lair:5   | Lost mutation: You occasionally lose the ability to read
                  | scrolls when taking damage. [potion of mutation]
 49049 | Lair:5   | Lost mutation: You are dopey. (Int -2) [potion of mutation]
 49049 | Lair:5   | Lost mutation: A frigid envelope surrounds you and freezes
                  | all who hurt you. [potion of mutation]
 49049 | Lair:5   | Gained mutation: You are agile. (Dex +4, Str/Int -1)
                  | [potion of mutation]
 49049 | Lair:5   | Gained mutation: You have supernaturally acute eyesight.
                  | (SInv) [potion of mutation]
 49272 | Vaults:1 | Entered Level 1 of the Vaults
 49565 | Vaults:1 | Identified the +1 great mace of Harmony {elec, rF+ rN+
                  | Int-3}
 49565 | Vaults:1 | Received a gift from Trog
 49671 | Vaults:1 | Found Sofakk's Distillery.
 49677 | Vaults:1 | Bought a potion of haste for 150 gold pieces
 49677 | Vaults:1 | Bought a potion of haste for 150 gold pieces
 50078 | Vaults:1 | Identified the +3 falchion of Incongruity {flame, Contam
                  | Dex+3} (Trog gifted it to you on level 1 of the Vaults)
 50078 | Vaults:1 | Received a gift from Trog
 50216 | Vaults:1 | Found a transporter.
 50216 | Vaults:1 | Found a transporter.
 50216 | Vaults:1 | Noticed Yptir's ghost (adept AtFE)
 50385 | Vaults:1 | Reached XP level 22. HP: 165/167 MP: 0/0
 51036 | Vaults:2 | Found Qiday's Weapon Shop.
 51281 | Abyss:2  | Cast into level 2 of the Abyss (a wizard)
 51386 | Abyss:2  | Found a corrupted altar of Lugonu.
 51472 | Abyss:3  | Found a corrupted altar of Lugonu.
 51514 | Abyss:3  | Received a gift from Trog
 51728 | Vaults:2 | Escaped the Abyss
 52099 | Vaults:2 | Found Hyopeff's Weapon Emporium.
 52223 | Vaults:2 | Found Watzauh's Distillery.
 52235 | Vaults:2 | Bought a potion of heal wounds for 95 gold pieces
 52235 | Vaults:2 | Bought a potion of heal wounds for 95 gold pieces
 52235 | Vaults:2 | Bought a potion of might for 76 gold pieces
 52457 | Vaults:2 | Received a gift from Trog
 53014 | Vaults:3 | Identified a scroll of acquirement
 53040 | Vaults:3 | Acquired a +0 helmet of see invisible
 53313 | Vaults:3 | Found a staircase to the Crypt.
 53315 | Vaults:3 | Received a gift from Trog
 53444 | Vaults:3 | Reached XP level 23. HP: 156/175 MP: 0/0
 53444 | Vaults:3 | Learned a level 8 spell: Borgnjor's Revivification
 53711 | Vaults:2 | HP: 8/175 [fire giant/+4 great sword of flaming (30)]
 54192 | Vaults:3 | Found Gigutape's Armour Emporium.
 55350 | Vaults:4 | Received a gift from Trog
 55473 | Vaults:4 | Noticed Bai Suzhen
 55592 | Vaults:4 | Killed Bai Suzhen
 55804 | Vaults:4 | Reached skill level 15 in Throwing
 56534 | Vaults:4 | Received a gift from Trog
 57040 | Slime:2  | Found a viscous altar of Jiyva.
 57831 | Slime:3  | Reached XP level 24. HP: 149/183 MP: 0/0
 57935 | Slime:5  | Entered Level 5 of the Pits of Slime
 57950 | Slime:5  | Received a gift from Trog
 57951 | Slime:5  | Paralysed by a floating eye for 3 turns
 57953 | Slime:5  | Noticed the Royal Jelly
 58182 | Slime:5  | Killed the Royal Jelly
 58900 | Slime:5  | Found the dreamshard necklace {*Dream Drain}
 58911 | Slime:5  | Got a slimy rune of Zot
 58985 | Slime:5  | Identified the ring of Irrepressible Laughter {rElec rCorr
                  | Str+6}
 59003 | Slime:5  | Identified the +0 plate armour "Zeuxegil" {Dex+5}
 59331 | Depths:1 | Entered Level 1 of the Depths
 59379 | Depths:1 | Found a one-way gateway to a ziggurat.
 59993 | Depths:1 | Found a gateway to Hell.
 61322 | Depths:2 | Noticed a golden dragon
 61328 | Depths:2 | Identified the +3 demon blade "Gikikk" {flame, Will+} (Trog
                  | gifted it to you on level 2 of the Depths)
 61328 | Depths:2 | Received a gift from Trog
 61335 | Depths:2 | Noticed a golden dragon
 61337 | Depths:2 | Killed a golden dragon
 61349 | Depths:2 | Killed a golden dragon
 61772 | Depths:2 | Noticed a golden dragon
 61789 | Depths:2 | Killed a golden dragon
 61792 | Depths:2 | Reached XP level 25. HP: 155/191 MP: 0/0
 61792 | Depths:2 | Learned a level 8 spell: Maxwell's Capacitive Coupling
 61958 | Depths:2 | Reached skill level 15 in Armour
 61980 | Depths:2 | Found a one-way gate leading to the halls of Pandemonium.
 62821 | Orc:2    | Bought a polished scarf for 400 gold pieces
 62821 | Orc:2    | Identified the scarf of Cuiwuen {rC+ rF+, *Slow Int+3} (You
                  | bought it in a shop on level 2 of the Orcish Mines)
 63402 | Depths:3 | Identified the +1 chain mail of Isiavou {rN+++ rCorr Str-2
                  | Int-5}
 63987 | Depths:4 | Entered Level 4 of the Depths
 64550 | Depths:4 | a shadow dragon changed into a caustic shrike
 64550 | Depths:4 | Noticed a caustic shrike (glowing shapeshifter)
 64626 | Depths:4 | a caustic shrike changed into an acid blob
 64734 | Depths:3 | Received a gift from Trog
 65424 | Depths:4 | Identified the +0 leather armour of the Teaching Gods
                  | {-Tele Int+4 Stlth+}
 66620 | Depths:4 | Found a gate to the Realm of Zot.
 66723 | Depths:4 | Found a sparkling altar of Nemelex Xobeh.
 66930 | Zot:1    | Entered Level 1 of the Realm of Zot
 67575 | Zot:1    | Reached XP level 26. HP: 188/189 MP: 0/0
 68620 | Zot:1    | Identified the staff of cold "Xostrorch" {rC+ Int+5}
 68879 | Zot:3    | Received a gift from Trog
 69123 | Zot:3    | Noticed an orb of fire
 69123 | Zot:3    | Gained mutation: You have hidden genetic defects. [an orb
                  | of fire]
 69126 | Zot:3    | Gained mutation: You occasionally shout uncontrollably at
                  | your foes. [an orb of fire]
 69128 | Zot:3    | Gained mutation: You have a beak for a mouth. [an orb of
                  | fire]
 69131 | Zot:3    | Lost mutation: You are agile. (Dex +4, Str/Int -1) [an orb
                  | of fire]
 69152 | Zot:3    | Killed an orb of fire
 69213 | Zot:3    | Lost mutation: You occasionally shout uncontrollably at
                  | your foes. [potion of mutation]
 69213 | Zot:3    | Lost mutation: You have a beak for a mouth. [potion of
                  | mutation]
 69213 | Zot:3    | Lost mutation: You have hidden genetic defects. [potion of
                  | mutation]
 69213 | Zot:3    | Gained mutation: You are partially covered in iridescent
                  | scales. (AC +2) [potion of mutation]
 69213 | Zot:3    | Gained mutation: You occasionally lose the ability to drink
                  | potions when taking damage. [potion of mutation]
 69592 | Zot:3    | Lost mutation: You are partially covered in iridescent
                  | scales. (AC +2) [potion of mutation]
 69592 | Zot:3    | Lost mutation: You occasionally lose the ability to drink
                  | potions when taking damage. [potion of mutation]
 69592 | Zot:3    | Gained mutation: You sometimes lose your temper in combat.
                  | [potion of mutation]
 69592 | Zot:3    | Gained mutation: You expend health (3 HP) to strengthen
                  | your wands. [potion of mutation]
 69593 | Zot:3    | Lost mutation: You have supernaturally acute eyesight.
                  | (SInv) [potion of mutation]
 69593 | Zot:3    | Lost mutation: You expend health (3 HP) to strengthen your
                  | wands. [potion of mutation]
 69593 | Zot:3    | Lost mutation: You sometimes lose your temper in combat.
                  | [potion of mutation]
 69593 | Zot:3    | Gained mutation: Your body sometimes deteriorates upon
                  | taking damage. [potion of mutation]
 69593 | Zot:3    | Gained mutation: Your mind is acute. (Int +4, Str/Dex -1)
                  | [potion of mutation]
 70857 | Zot:3    | Reached XP level 27. HP: 140/209 MP: 0/0
 70857 | Zot:3    | Learned a level 9 spell: Dragon's Call
 71398 | Zot:3    | You are sucked into a shaft and drop 1 floor!
 71733 | Zot:4    | Received a gift from Trog
 71792 | Zot:5    | Entered Level 5 of the Realm of Zot
 72281 | Zot:5    | Noticed an ancient lich
 72298 | Zot:5    | Killed an ancient lich
 72397 | Zot:5    | Noticed a dread lich
 72412 | Zot:5    | Killed a dread lich
 72667 | Zot:5    | Noticed an orb of fire
 72677 | Zot:5    | Killed an orb of fire
 72713 | Zot:5    | Noticed an ancient lich
 72722 | Zot:5    | Killed an ancient lich
 72736 | Zot:5    | Noticed an ancient lich
 72744 | Zot:5    | Killed an ancient lich
 72903 | Zot:5    | Noticed a Killer Klown
 72920 | Zot:5    | Killed a Killer Klown
 72960 | Zot:5    | Received a gift from Trog
 73145 | Zot:5    | Noticed a Killer Klown
 73147 | Zot:5    | Noticed an ancient lich
 73148 | Zot:5    | Noticed a dread lich
 73151 | Zot:5    | Noticed an orb of fire
 73161 | Zot:5    | Gained mutation: Armour fits poorly on your strangely
                  | shaped body. [an orb of fire]
 73162 | Zot:5    | Killed an orb of fire
 73163 | Zot:5    | Killed an ancient lich
 73173 | Zot:5    | Killed a dread lich
 73178 | Zot:5    | Killed a Killer Klown
 73191 | Zot:5    | Noticed an ancient lich
 73194 | Zot:5    | Killed an ancient lich
 73195 | Zot:5    | Noticed an ancient lich
 73208 | Zot:5    | Killed an ancient lich
 73235 | Zot:5    | Noticed a Killer Klown
 73249 | Zot:5    | Killed a Killer Klown
 73361 | Zot:5    | Noticed a dread lich
 73370 | Zot:5    | Killed a dread lich
 74256 | Zot:5    | Got the Orb of Zot
 74479 | Depths:1 | Noticed Nutyklis the pandemonium lord
 74503 | D:14     | Noticed Effeok the pandemonium lord
 74720 | D:$      | Escaped with the Orb!

Illustrated notes

Levels and vault maps discovered:
D:1:      dpeg_arrival_central, layout_loops_corners, serial_rivers,
          chequers_serial_rivers_large_b, chequers_serial_rivers_room_a,
          chequers_serial_rivers_marsh, chequers_serial_rivers_large_a,
          chequers_serial_rivers_small_a, chequers_serial_rivers_small_b,
          serial_shops, shop
D:2:      layout_basic, basic_ecumenical_altar, serial_shops, shop,
          grunt_ministairs_3, uniq_sigmund, uniq_robin
D:3:      layout_loops_ring, elyvilon_altar_5, general_overflow_altar,
          minmay_pentomino_pile
D:4:      layout_rooms, enter_ossuary_4, grunt_ministairs_13
D:5:      layout_loops_ring, lemuel_temple_firewalk_b,
          nicolae_shop_dragon_depot, serial_park_tiny_2
D:6:      layout_loops_ring, nicolae_gozag_seed_capital, nicolae_lava_and_water,
          kennysheep_big_empty_room, minmay_between
D:7:      layout_basic, mainiacjoe_overflow_six_doors_small
D:8:      layout_cave_pools, mainiacjoe_overflow_alcove_2, david_lair_generic,
          serial_shops, nicolae_lakefront_shop
D:9:      layout_rooms, kennysheep_mini, zombieorc2_lemuel, enter_bailey_6,
          uniq_grum, uniq_amaemon
D:10:     layout_loops_cross, mainiacjoe_overflow_surrounded_room,
          kennysheep_nub
D:11:     layout_irregular_city
D:12:     layout_roguey, gammafunk_ghost_abyssal_escape
D:13:     layout_loops_cross, serial_shops, nicolae_shop_mannequins, shop, shop,
          kennysheep_little_box, serial_bayou, serial_bayou_pond_a,
          serial_bayou_lagoon_a, serial_bayou_lagoon_b, serial_bayou_shore_b
D:14:     layout_gridville, erik_vaults_1, kiku_gazebo_garden_becter
D:15:     hangedman_depths_entry_civil_slaughter, layout_loops_cross,
          uniq_azrael
Temple:   nicolae_temple_no_exploring_needed
Lair:1:   layout_chaotic_city, nicolae_lair_grove_arrangements
Lair:2:   layout_chaotic_city, elwin_shoals_entry_rooms,
          nicolae_snake_entry_warm_welcome, lemuel_fruit_tree
Lair:3:   layout_long_grid, nicolae_volcano_entry_hallway
Lair:4:   layout_small_grid, serial_bayou_shore_b
Lair:5:   gammafunk_lair_ancient_temple, layout_gridlike,
          nicolae_slime_entry_slimehenge, hellmonk_ghost_happy_afterlife,
          grunt_forest_large_clearing_hut
Shoals:1: layout_shoals, st_sunken_temple
Shoals:2: layout_shoals, serial_shops, shop
Shoals:3: layout_shoals, portal_ice_cave_entry_ice_statue_one,
          nzn_prometheus_bound
Shoals:4: shoals_end_grunt_ice, layout_shoals, shoal_ilsuiw, serial_shops,
          bzr_entry_dummy, nicolae_shoals_square_sea_wall
Snake:1:  nicolae_snake_nest, layout_misc_corridors, st_stairs_14,
          nicolae_snake_slithery_corners, grunt_ministairs_10, uniq_aizul
Snake:2:  layout_gridlike, serial_curves, eino_curves_04, eino_curves_01
Snake:3:  layout_rooms
Snake:4:  snake_pit, layout_cave_town, minmay_shop_star
Slime:1:  layout_caves, cheibrodos_slime_lost_civilization_7
Slime:2:  layout_caves, basic_altar
Slime:3:  layout_caves
Slime:4:  layout_caves
Slime:5
Orc:1:    layout_caves, basic_altar, serial_shops, shop, uniq_jorgrun
Orc:2:    st_orc_elflike, layout_diamond_mine, serial_shops, shop,
          kennysheep_orc_chapel, uniq_donald
Elf:1:    eino_elf_arrival_the_gate, layout_geoelf_octagon,
          hangedman_elven_crosses_minicolossus, library_closet, minivault_20,
          grunt_megastairs_3
Elf:2:    elven_hall_of_blades_hangedman_original [nooodl_blade_entry_preview],
          layout_geoelf_octagon
Elf:3:    minmay_elf_hall_not_hex, layout_loops_cross, serial_shops,
          bzr_entry_dummy, shop, basic_altar
Vaults:1: gammafunk_ghost_smash, nicolae_vaults_network_barrier,
          nicolae_vaults_weapon_check, ontoclasm_vaults_decontamination,
          nicolae_vaults_storage_room_statues, hangedman_vaults_nodes,
          v_rooms_5, nicolae_vaults_what_the_h, grunt_vaults_funnel,
          vaults_dpeg_hooks, nicolae_vaults_little_squares_6,
          ontoclasm_vaults_gallery, layout_vaults_omnibox, serial_shops,
          nicolae_shop_rolling_square
Vaults:2: nicolae_vaults_two_Ls, nicolae_vaults_alarming, vaults_mumra_hex,
          nicolae_vaults_trapezoid_2, vaults_room_pool, ontoclasm_vaults_bender,
          ontoclasm_vaults_ring_small, nicolae_vaults_closet_pinwheel_3,
          nicolae_vaults_little_squares_2, v_misc_23,
          nicolae_vaults_taking_the_gang_shopping, ontoclasm_vaults_hangar,
          layout_vaults_maze_snakey, serial_shops, nicolae_diamond_shop,
          shop_fountains
Vaults:3: st_octagons_1, hangedman_vaults_snaps,
          nicolae_vaults_little_squares_5, v_misc_22, vaults_room_fancy_cross,
          v_rooms_6, nicolae_vaults_cochlea,
          nicolae_vaults_door_testing_chamber, minmay_crypt_entry_simple_box,
          layout_vaults_big_cross, serial_shops, shop
Vaults:4: v_misc_27, hangedman_vaults_unwind, v_alt_pattern_2,
          nicolae_vaults_trapezoid_lopsided_1, nicolae_vaults_surprise_closet,
          nicolae_vaults_tetromino_Z_1, nicolae_vaults_closet_pinwheel_2,
          layout_vaults_omnigrid, uniq_bai_suzhen
Depths:1: layout_roguey, enter_ziggurat_b, serial_sigils,
          serial_sigils_hangedman_scar, serial_sigils_hangedman_snap,
          serial_sigils_hangedman_scratch, serial_sigils_hangedman_etch,
          serial_sigils_hangedman_quiver, hell_entry, serial_bayou_crossing
Depths:2: minmay_concentric_multi, layout_cave_shapes, pan_entry,
          pf_dread_powers_of_hell, kennysheep_nondecorative_pillar
Depths:3: hellmonk_crumbling_castle, layout_basic, hell_entry, pan_entry,
          abyss_entry_crystal, minmay_staircase_statues
Depths:4: evilmike_zot_entry_diamond, layout_cave_pools, minmay_room_of_horrors,
          hell_entry, minmay_misc_feat_rows, serial_bayou_pond_c,
          nemelex_xobeh_ov_fountains_minmay
Zot:1:    layout_onion_interference
Zot:2:    layout_twisted_circle, grunt_megastairs_5
Zot:3:    hangedman_zot_vaults_quadrants, layout_onion_interference,
          zot_minivault_4
Zot:4:    kennysheep_bubbly, layout_twisted_circle, skrybe_zot_glass_2, uniq_vv
Zot:5:    layout_gridlike

Skill      XL: |  1  2  3  4  5  6  7  8  9 10 11 12 13 14 15 16 17 18 19 20 21 22 23 24 25 26 27 |
---------------+----------------------------------------------------------------------------------+-----
Long Blades    | 3 4 5 6 7 9 10 11 13 14 16 17 19 | 19.7
Stealth        | 1 2 4 6 11 12 | 12.0
Throwing       | 1 2 5 6 8 9 10 11 12 14 15 16 | 16.0
Fighting       | 4 5 6 7 8 10 11 13 15 16 17 18 19 20 21 22 | 22.5
Dodging        | 5 6 8 11 12 14 15 16 17 20 22 | 22.0
Shields        | 3 8 10 13 14 15 16 17 20 | 20.0
Armour         | 6 9 11 12 13 14 15 17 18 | 18.9
Evocations     | 3 5 |  5.0

Action                     |  1- 3 |  4- 6 |  7- 9 | 10-12 | 13-15 | 16-18 | 19-21 | 22-24 | 25-27 || total
---------------------------+-------+-------+-------+-------+-------+-------+-------+-------+-------++-------
  Melee: Falchion          |   112 |   186 |   477 |       |       |       |       |       |       ||   775
         Punch             |     1 |     2 |     9 |    30 |     4 |       |       |       |       ||    46
         Short sword       |       |       |   153 |  1701 |   889 |       |       |       |       ||  2743
         Great sword       |       |       |       |     8 |       |       |       |       |       ||     8
         Long sword        |       |       |       |       |   617 |   862 |       |       |       ||  1479
         Double sword      |       |       |       |       |       |   338 |   862 |   996 |   897 ||  3093
         Peck              |       |       |       |       |       |       |       |       |    10 ||    10
  Throw: Dart              |       |     1 |    14 |    28 |    23 |       |       |       |       ||    66
         Throwing net      |       |       |     1 |       |       |       |       |     1 |       ||     2
         Javelin           |       |       |       |     7 |    32 |    48 |    47 |    39 |    97 ||   270
         Boomerang         |       |       |       |    20 |    79 |    98 |    93 |   300 |   333 ||   923
 Invoke: Berserk           |     1 |     2 |     6 |    12 |    14 |     3 |     2 |       |     2 ||    42
         Brothers in Arms  |       |       |     1 |     1 |     5 |     1 |     6 |     2 |     6 ||    22
         Trog's Hand       |       |       |       |     1 |     1 |     1 |     6 |     4 |    10 ||    23
  Evoke: Wand              |       |       |       |       |     4 |     1 |     7 |       |       ||    12
         Condenser vane    |       |       |       |       |       |     2 |     2 |     1 |     3 ||     8
         Lightning rod     |       |       |       |       |       |       |     9 |     4 |       ||    13
         Phial of floods   |       |       |       |       |       |       |     1 |     1 |     1 ||     3
         Box of beasts     |       |       |       |       |       |       |       |     1 |       ||     1
    Use: Scroll            |       |     4 |     8 |     9 |    17 |    20 |    10 |     9 |    15 ||    92
         Potion            |       |       |       |     1 |     4 |     4 |    23 |     5 |    27 ||    64
   Stab: Sleeping          |     2 |     4 |     7 |    10 |    15 |    11 |    18 |    13 |     4 ||    84
         Distracted        |       |       |     2 |     2 |     3 |     6 |     1 |     8 |     6 ||    28
         Invisible         |       |       |       |       |     7 |       |     3 |       |    11 ||    21
 Armour: Animal skin       |    15 |       |       |       |       |       |       |       |       ||    15
         Leather armour    |    29 |    70 |   266 |   636 |   588 |       |       |       |       ||  1589
         Swamp dragon scal |       |       |       |       |    38 |   394 |   254 |   263 |   264 ||  1213
  Dodge: Dodged            |    78 |    83 |   313 |  1216 |   997 |   751 |   625 |   958 |  1032 ||  6053
  Block: Buckler           |       |       |       |       |   324 |       |       |       |       ||   324
         Kite shield       |       |       |       |       |     1 |  1136 |  1005 |  1473 |  1275 ||  4890
         Reflection        |       |       |       |       |       |    66 |       |       |       ||    66

Table legend: (Time is in decaauts)
 A = Elapsed time spent in this place.
 B = Non-inter-level travel time spent in this place.
 C = Inter-level travel time spent in this place.
 D = Time resting spent in this place.
 E = Time spent auto-exploring this place.
 F = Levels seen in this place.
 G = Mean time per level.
                   A        B        C        D        E       F      G
               +--------+--------+--------+--------+--------+-----+--------+
         Total |  74129 |  67383 |   6746 |   9702 |  41358 |  60 | 1235.5 |
       Dungeon |  18611 |  15335 |   3276 |   2016 |  10082 |  15 | 1240.7 |
        Temple |      1 |      1 |      0 |      0 |      0 |   1 |    1.0 |
          Lair |  11635 |  10519 |   1116 |   2148 |   5942 |   5 | 2327.0 |
        Shoals |   4310 |   4161 |    149 |    565 |   2548 |   4 | 1077.5 |
     Snake Pit |   5637 |   5412 |    225 |    559 |   3230 |   4 | 1409.2 |
    Slime Pits |   2195 |   1927 |    268 |    410 |    954 |   5 |  439.0 |
  Orcish Mines |   2333 |   2061 |    272 |      0 |   1549 |   2 | 1166.5 |
   Elven Halls |   3344 |   3139 |    205 |    163 |   1851 |   3 | 1114.7 |
        Vaults |   7155 |   6824 |    331 |    497 |   4835 |   4 | 1788.8 |
        Depths |   7211 |   6565 |    646 |   1973 |   3397 |   4 | 1802.8 |
           Zot |   6883 |   6629 |    254 |   1094 |   4002 |   5 | 1376.6 |
         Abyss |    451 |    451 |      0 |      0 |    272 |   2 |  225.5 |
        Bazaar |    292 |    292 |      0 |      0 |    212 |   2 |  146.0 |
       Ossuary |    659 |    659 |      0 |     45 |    295 |   1 |  659.0 |
        Bailey |   1951 |   1951 |      0 |    119 |   1187 |   1 | 1951.0 |
      Ice Cave |    547 |    547 |      0 |      0 |    413 |   1 |  547.0 |
       Volcano |    907 |    907 |      0 |    109 |    587 |   1 |  907.0 |
               +--------+--------+--------+--------+--------+-----+--------+

Top non-repeatable levels by time:
  Lair:5: 2952 daAuts
  Lair:4: 2900 daAuts
   Zot:1: 2616 daAuts
  Lair:2: 2539 daAuts
Depths:3: 2465 daAuts
   Zot:5: 2459 daAuts
Vaults:4: 2037 daAuts
Vaults:1: 1999 daAuts
    D:13: 1969 daAuts
  Bailey: 1951 daAuts
     D:8: 1877 daAuts
   Orc:2: 1848 daAuts
 Snake:4: 1820 daAuts
     D:9: 1784 daAuts
  Lair:1: 1689 daAuts
